 Dungeon Crawl Stone Soup version 0.26-a0-652-gafc20e3620 (webtiles) character file.

Game seed: 1062866727086912384

54821 Birvald the Geomancer (level 14, -1/95 HPs)
             Began as a Gargoyle Earth Elementalist on Oct 4, 2020.
             Was a High Priest of Vehumet.
             Killed themself with a badly aimed burst of rock shards (22 damage)
             ... on level 4 of the Lair of Beasts.
             The game lasted 01:00:32 (26519 turns).

Birvald the Geomancer (GrEE)                       Turns: 26519, Time: 01:00:33

Health: -1/95      AC:  0    Str: 12    XL:     14   Next: 74%
Magic:  7/27       EV: 18    Int: 21    God:    Vehumet [*****.]
Gold:   1149       SH:  0    Dex: 12    Spells: 7/32 levels left

rFire    . . .     SeeInvis .   (weapon currently unavailable)
rCold    . . .     Faith    .   (shield currently unavailable)
rNeg     + . .     Spirit   .   (armour currently unavailable)
rPois    ∞         Reflect  .   (helmet currently unavailable)
rElec    .         Harm     .   (cloak currently unavailable)
rCorr    .         Rampage  .   (gloves currently unavailable)
MR       +....                  (boots currently unavailable)
Stlth    ++........             f - amulet of the acrobat
HPRegen  0.25/turn              (ring currently unavailable)
MPRegen  0.20/turn              (ring currently unavailable)

@: pig-form, flying, slowed
A: small, agile 1, negative energy resistance 1, robust 1, petrification
resistance, rot immunity, AC +10
a: Renounce Religion


You were on level 4 of the Lair of Beasts.
You worshipped Vehumet.
Vehumet was extremely pleased with you.
You were a filthy swine.
You visited 3 branches of the dungeon, and saw 19 of its levels.
You also visited: Sewer, Ossuary and Bailey.

You collected 1881 gold pieces.
You spent 732 gold pieces at shops.

Inventory:

Hand Weapons
 t - a +5 dagger of electrocution
 v - a +2 dagger of venom
 J - a +0 dire flail of flaming
 X - the +3 whip "Akhlis" (melded) {venom, Stlth+}
   (You found it on level 3 of the Lair of Beasts)

   It poisons the flesh of those it strikes.
   It makes you more stealthy.
Missiles
 b - 533 stones (quivered)
 K - 16 throwing nets
Armour
 e - a +1 helmet (melded)
 m - the +0 robe "Bipaigy" (melded) {rPois rCorr Str+8 Dex-5}
   (You found it on level 14 of the Dungeon)

   It affects your strength (+8).
   It affects your dexterity (-5).
   It protects you from poison.
   It provides partial protection from all sources of acid and corrosion.
 z - a +1 hat
 B - the +1 robe of Kaipua Nethu {rPois Str+2}
   (You found it on level 9 of the Dungeon)

   It affects your strength (+2).
   It protects you from poison.
 N - the +2 pair of gloves of Noon (melded) {*Corrode +Inv Dex+2}
   (You found it on level 8 of the Dungeon)

   It affects your dexterity (+2).
   It lets you turn invisible.
   It may corrode you when you take damage.
Magical Staves
 y - an uncursed staff of fire
Jewellery
 f - an amulet of the acrobat (around neck)
 q - a +6 ring of strength (melded)
 x - a ring of wizardry (melded)
 F - an uncursed ring of see invisible
Wands
 c - a wand of enslavement (15)
 D - a wand of polymorph (14)
 E - a wand of disintegration (13)
 M - a wand of random effects (36)
 O - a wand of paralysis (12)
 U - a wand of digging (5)
Scrolls
 a - 4 scrolls of enchant armour
 k - 7 scrolls of magic mapping
 l - 8 scrolls of blinking
 o - 5 scrolls of fog
 p - 4 scrolls of identify
 r - 10 scrolls of remove curse
 A - 6 scrolls of amnesia
 C - 8 scrolls of teleportation
 P - 3 scrolls of enchant weapon
 S - 2 scrolls of holy word
 T - a scroll of immolation
Potions
 d - 4 potions of might
 g - 7 potions of stabbing
 h - 10 potions of curing
 j - 11 potions of ambrosia
 n - 5 potions of haste
 s - 7 potions of heal wounds
 u - 4 potions of lignification
 w - 6 potions of brilliance
 G - a potion of berserk rage
 H - 3 potions of invisibility
 I - 2 potions of flight
 L - 3 potions of cancellation
 Q - 3 potions of mutation
 V - 2 potions of magic
Miscellaneous
 i - a lightning rod (inert)
 R - a tin of tremorstones (3/3)


   Skills:
 + Level 9.9 Fighting
 + Level 8.9 Maces & Flails
 - Level 6.0 Armour
 + Level 7.6 Dodging
 - Level 2.1 Stealth
 + Level 9.7 Spellcasting
 + Level 10.9 Conjurations
   Level 0.7 Transmutations
 * Level 6.4 Fire Magic
 + Level 12.4 Earth Magic
 - Level 6.0 Evocations


You had 7 spell levels left.
You knew the following spells:

 Your Spells              Type           Power        Failure   Level
a - Sandblast             Erth           ######       1%          1
b - Stone Arrow           Conj/Erth      ######       1%          3
c - Lee's Rapid Deconstr  Erth           ######....   1%          5
d - Iron Shot             Conj/Erth      ######....   2%          6
e - Bolt of Magma         Conj/Fire/Erth ######....   1%          5
f - Fireball              Conj/Fire      #####.....   1%          5

Your spell library contained the following spells:

 Spells                   Type           Power        Failure   Level
 Magic Dart               Conj           ####         1%          1
 Passwall                 Tmut/Erth      #####...     1%          2
 Conjure Flame            Conj/Fire      #####...     1%          3
 Mephitic Cloud           Conj/Pois/Air  ####....     1%          3
 Static Discharge         Conj/Air       ####....     1%          3
 Iskenderun's Battlesphe  Conj           ######..     1%          5
 Beastly Appendage        Tmut           ##....       4%          1
 Petrify                  Tmut/Erth      #####...     4%          4
 Lightning Bolt           Conj/Air       ####......   5%          5
 Sting                    Tmut/Pois      ##..         6%          1
 Wereblood                Tmut           ##......     8%          2
 Blink                    Tloc           N/A          10%         2
 Call Imp                 Summ           ##......     10%         2
 Corpse Rot               Necr/Air       N/A          10%         2
 Slow                     Hex            ##......     10%         2
 Spider Form              Tmut/Pois      ##........   17%         3
 Olgreb's Toxic Radiance  Pois           ##......     17%         4
 Orb of Destruction       Conj           ######....   17%         7
 Confusing Touch          Hex            ##......     21%         3
 Gell's Gravitas          Tloc           ##........   21%         3
 Yara's Violent Unravell  Hex/Tmut       ##........   36%         5
 Ice Form                 Ice/Tmut       ##......     50%         4
 Blade Hands              Tmut           ##........   80%         5
 Spellforged Servitor     Conj/Summ      ####......   80%         7
 Metabolic Englaciation   Hex/Ice        ##........   88%         5
 Silence                  Hex/Air        ##........   88%         5


Dungeon Overview and Level Annotations

Branches:
Dungeon (14/15)            Temple (1/1) D:5            Lair (4/6) D:11
 Shoals (0/4) Lair:2          Orc (0/2) D:12         Vaults (0/5) D:14
  Sewer (visited)         Ossuary (visited)          Bailey (visited)
  Snake: Lair:2-4    Spider: Lair:2-4

Altars:
Ashenzari
Cheibriados
Dithmenos
Elyvilon
Fedhas
Gozag
Hepliaklqana
Kikubaaqudgha
Makhleb
Nemelex Xobeh
Okawaru
Qazlal
Ru
Sif Muna
Trog
Uskayaw
Vehumet
Wu Jian
Xom
Yredelemnul
Zin
The Shining One
Beogh

Shops:
D:8 !   D:12 **

Annotations:
D:6 3 runed translucent doors, lilly's ghost, novice MiMo


Innate Abilities, Weirdness & Mutations

You are resistant to torment.
((Your stone body is resilient. (AC +10)))
You are immune to poison.
((Your large and strong wings let you fly indefinitely.))
You resist negative energy. (rN+)
((You are resistant to electric shocks. (rElec)))
((You can survive without breathing.))
You are immune to petrification.
You are immune to rotting.
((You are partially covered in icy blue scales. (AC +2)))
You are agile. (Dex +2)
You are robust. (+10% HP)


Message History

* * * LOW HITPOINT WARNING * * *
Unknown command.
You feel much better. Something hits you!
* * * LOW HITPOINT WARNING * * *
Unknown command.
Unknown command.
You can't do that in your present form.
Unknown command.
Unknown command.
Unknown command.
Evoke which item? (* to show all) (? for menu, Esc to quit)
The tremorstone explodes into fragments!
The burst of rock shards engulfs the sphinx. x2
The burst of rock shards engulfs something!!
Vehumet accepts your kill.
You feel your power returning.
Reactivating autopickup.
The sphinx disappears in a puff of smoke!
You feel a bit more experienced. The burst of rock shards engulfs you!!
You die...

#..#...# ###.#. ..
#......#.......
#.....##....#.
+.....#..... #.....#
...## #....####§.P#
##....##.#†###..##
####.........h......#
####.#................##
.......................#
.......................#
..............(........#
...P##......##.##.##...#
##...##.....#### ## #..#
.#.####.....# ..#
............#


There were no monsters in sight!

Vanquished Creatures
  Rupert (D:13)
  Kirke (Lair:4)
  An ironheart preserver (D:14)
  Azrael (D:13)
  Snorg (D:12)
  Josephine (D:12)
  Harold (D:7)
  4 hydras
  2 centaur warriors
  2 two-headed ogres (D:12)
  Sonja (D:12)
  2 unseen horrors (D:14)
  An orc knight (Bailey)
  4 oklob plants
  A manticore (shapeshifter) (D:13)
  4 deep elf magi
  6 cyclopes
  2 black mambas
  Psyche (D:8)
  3 cane toads
  4 gargoyles
  3 kobold demonologists (D:12)
  3 centaur skeletons
  6 komodo dragons
  A yaktaur (shapeshifter) (D:13)
  An efreet (D:14)
  A queen bee (D:9)
  3 trolls
  A hornet (D:7)
  6 hippogriffs
  8 blink frogs
  A hippogriff (shapeshifter) (D:13)
  4 slime creatures (D:12)
  A basilisk (shapeshifter) (D:14)
  A vampire (D:14)
  A water elemental (D:12)
  8 wraiths
  3 hogs (Lair:4)
  12 yaks
  2 wyverns
  3 basilisks
  2 fire elementals (D:13)
  Grum (D:8)
  A vampire mosquito (D:9)
  2 hell hounds (D:13)
  4 wargs (D:10)
  10 water moccasins
  2 acid dragons
  Duvessa (D:7)
  6 porcupines
  23 orc warriors
  5 sky beasts
  4 phantoms
  2 black bears
  3 ice beasts
  2 eyes of draining (D:14)
  A hornet zombie (D:10)
  2 necrophages
  5 wolves
  5 ogres
  17 centaurs
  9 crocodiles
  2 big kobolds
  15 bullfrogs
  3 gnoll sergeants
  A wyvern skeleton (D:9)
  3 water moccasin zombies (Ossuary)
  6 scorpions
  A water moccasin skeleton (D:8)
  Dowan (D:7)
  27 killer bees
  4 wights
  A howler monkey (D:10)
  2 electric eels (D:12)
  2 quasits
  2 bullfrog zombies
  15 hounds
  7 centaur zombies
  3 orc priests
  2 bullfrog skeletons
  A gnoll shaman (D:10)
  7 jellies
  20 orc wizards
  Jessica (D:6)
  4 iguanas
  10 worker ants
  A big kobold zombie (Ossuary)
  A bullfrog simulacrum (D:13)
  2 mummies (Ossuary)
  A hound skeleton (D:5)
  Robin (D:3)
  A worker ant zombie (D:6)
  31 gnolls
  4 river rats (Sewer)
  20 adders
  5 shadow imps
  2 white imps
  5 ufetubi
  6 adder zombies
  A worm (D:3)
  3 dart slugs
  6 leopard geckos
  58 orcs
  10 ball pythons
  8 giant cockroaches
  2 gnoll zombies (Ossuary)
  14 goblins
  14 hobgoblins
  25 jackals
  5 quokkas
  5 bats
  7 frilled lizards
  4 hobgoblin zombies (Ossuary)
  A jackal skeleton (D:5)
  12 kobolds
  7 kobold zombies (Ossuary)
  An orc zombie (Ossuary)
  2 quokka skeletons (D:5)
  2 quokka zombies
  32 rats
  A rat zombie (D:7)
660 creatures vanquished.

Vanquished Creatures (collateral kills)
  2 orc warriors (Bailey)
2 creatures vanquished.

Vanquished Creatures (others)
  2 orc knights (Bailey)
  An orc warrior (Bailey)
  7 fungi
  12 plants
22 creatures vanquished.

Grand Total: 684 creatures vanquished

Notes
Turn   | Place    | Note
-------+----------+-------------------------------------------
     0 | D:1      | Birvald the Gargoyle Earth Elementalist began the quest for
                  | the Orb.
     0 | D:1      | Reached XP level 1. HP: 10/10 MP: 3/3
   153 | D:1      | Reached XP level 2. HP: 12/15 MP: 5/5
   205 | D:1      | Reached skill level 4 in Earth Magic
   818 | D:1      | Reached XP level 3. HP: 18/19 MP: 6/6
   823 | D:1      | Learned a level 3 spell: Stone Arrow
  1508 | D:2      | Reached skill level 1 in Conjurations
  1917 | D:3      | Noticed a scorpion
  1925 | D:3      | Killed a scorpion
  1925 | D:3      | Reached skill level 5 in Earth Magic
  1925 | D:3      | Reached XP level 4. HP: 15/24 MP: 0/8
  2028 | D:3      | Found a glowing drain.
  2037 | Sewer    | Entered a sewer
  2215 | Sewer    | Reached XP level 5. HP: 21/28 MP: 3/9
  2226 | Sewer    | Learned a level 5 spell: Lee's Rapid Deconstruction
  2763 | Sewer    | Reached XP level 6. HP: 29/32 MP: 6/11
  2929 | Sewer    | Reached skill level 6 in Earth Magic
  3221 | D:3      | Noticed Robin
  3388 | D:3      | Reached XP level 7. HP: 23/36 MP: 13/13
  3580 | D:3      | Found a sacrificial altar of Ru.
  3581 | D:3      | Found an ornate altar of the Wu Jian Council.
  3584 | D:3      | Killed Robin
  3915 | D:3      | Found a glowing golden altar of the Shining One.
  4473 | D:4      | Reached skill level 7 in Earth Magic
  5038 | D:4      | Found a broken altar of Ashenzari.
  5090 | D:5      | Entered Level 5 of the Dungeon
  5136 | D:5      | Reached XP level 8. HP: 39/42 MP: 15/15
  5165 | D:5      | Reached skill level 5 in Spellcasting
  5168 | D:5      | Reached skill level 1 in Fighting
  5168 | D:5      | Reached skill level 1 in Maces & Flails
  5168 | D:5      | Reached skill level 1 in Armour
  5191 | D:5      | Reached skill level 5 in Conjurations
  6193 | D:5      | Found a staircase to the Ecumenical Temple.
  6213 | Temple   | Entered the Ecumenical Temple
  6368 | Temple   | Became a worshipper of Vehumet
  6715 | D:6      | Reached XP level 9. HP: 49/49 MP: 17/17
  6752 | D:6      | Found a stormy altar of Qazlal.
  7162 | D:6      | Found a blossoming altar of Fedhas.
  7285 | D:6      | Found a runed translucent gate.
  7286 | D:6      | Found a runed translucent gate.
  7318 | D:6      | Found a runed translucent gate.
  7320 | D:6      | Identified the +7 quarterstaff "Xuafohug" {venom, Str-4
                  | Dex+4}
  7320 | D:6      | Identified the +7 plate armour "Iqetyikk" {rF+}
  7323 | D:6      | Found a roughly hewn altar of Beogh.
  7324 | D:6      | Noticed lilly's ghost (novice MiMo)
  7471 | D:6      | Found a sparkling altar of Nemelex Xobeh.
  7471 | D:6      | Noticed Jessica
  7487 | D:6      | Killed Jessica
  7553 | D:6      | Reached skill level 1 in Evocations
  7782 | D:6      | Reached skill level 8 in Earth Magic
  7909 | D:7      | Found a sand-covered staircase.
  7928 | D:7      | Reached * piety under Vehumet
  7928 | D:7      | Offered knowledge of Foxfire by Vehumet.
  7934 | Ossuary  | Entered an ossuary
  8390 | D:7      | Noticed Duvessa
  8390 | D:7      | Noticed Dowan
  8393 | D:7      | Killed Dowan
  8405 | D:7      | Killed Duvessa
  8711 | D:7      | Offered knowledge of Shock by Vehumet.
  8759 | D:7      | Found a shimmering blue altar of Sif Muna.
  8784 | D:7      | Reached ** piety under Vehumet
  8854 | D:7      | Noticed a hornet
  8864 | D:7      | Killed a hornet
  9060 | D:7      | Noticed Harold
  9073 | D:7      | Killed Harold
  9073 | D:7      | Reached XP level 10. HP: 25/58 MP: 16/19
  9748 | D:8      | Noticed Grum
 10280 | D:8      | Found a bloodstained altar of Trog.
 10370 | D:8      | Killed Grum
 10608 | D:8      | Noticed Psyche
 10616 | D:8      | Killed Psyche
 10623 | D:8      | Reached skill level 5 in Fighting
 10764 | D:8      | Got a pair of jewelled gloves
 10770 | D:8      | Identified the +2 pair of gloves of Noon {*Corrode +Inv
                  | Dex+2} (You found it on level 8 of the Dungeon)
 10847 | D:8      | Offered knowledge of Ignite Poison by Vehumet.
 10978 | D:8      | Reached skill level 9 in Earth Magic
 11116 | D:8      | Reached skill level 5 in Armour
 11211 | D:8      | Found Lagewy's Distillery.
 11228 | D:8      | Bought a potion of heal wounds for 65 gold pieces
 11228 | D:8      | Bought a potion of curing for 39 gold pieces
 11228 | D:8      | Bought 2 potions of might for 104 gold pieces
 11228 | D:8      | Bought a potion of ambrosia for 104 gold pieces
 11239 | D:8      | Found a shadowy altar of Dithmenos.
 11325 | D:8      | Found a burning altar of Makhleb.
 11394 | D:9      | Reached *** piety under Vehumet
 11513 | D:9      | Found a shimmering altar of Xom.
 11598 | D:9      | Offered knowledge of Static Discharge by Vehumet.
 11599 | D:9      | Reached XP level 11. HP: 47/64 MP: 6/21
 11610 | D:9      | Reached skill level 5 in Maces & Flails
 12000 | D:9      | Reached **** piety under Vehumet
 12205 | D:9      | Got a ripped robe
 12216 | D:9      | Identified the +1 robe of Kaipua Nethu {rPois Str+2} (You
                  | found it on level 9 of the Dungeon)
 12246 | D:9      | Offered knowledge of Frozen Ramparts by Vehumet.
 12659 | D:10     | Entered Level 10 of the Dungeon
 12669 | D:10     | Found a flagged portal.
 12708 | Bailey   | Entered a bailey
 12710 | Bailey   | Noticed an orc knight
 12712 | Bailey   | Noticed an orc knight
 12716 | Bailey   | Noticed an orc knight
 12726 | Bailey   | Killed an orc knight
 12812 | Bailey   | Identified the +7 scale mail of the Meadowlark {*Drain
                  | rElec rC+++ Regen+}
 13593 | D:10     | Learned a level 6 spell: Iron Shot
 13615 | D:10     | Reached skill level 5 in Dodging
 14071 | D:10     | Reached ***** piety under Vehumet
 14244 | D:10     | Offered knowledge of Sticky Flame by Vehumet.
 14679 | D:10     | Reached skill level 10 in Earth Magic
 14753 | D:10     | Reached skill level 5 in Evocations
 14777 | D:10     | Reached XP level 12. HP: 71/71 MP: 14/23
 15244 | D:11     | Found a staircase to the Lair.
 16096 | D:12     | Identified the Disquisition on Envenoming and
                  | Weightlessness
 16468 | D:12     | Noticed Sonja
 16474 | D:12     | Killed Sonja
 16515 | D:12     | Found Cular's Assorted Antiques.
 16589 | D:12     | Bought 3 scrolls labeled SUOQIB GIHIY for 102 gold pieces
 16589 | D:12     | Bought a sedimented puce potion for 30 gold pieces
 16589 | D:12     | Bought a scroll of identify for 68 gold pieces
 16589 | D:12     | Bought a sedimented puce potion for 30 gold pieces
 16670 | D:12     | Found Plog's General Store.
 16677 | D:12     | Bought 2 potions of brilliance for 80 gold pieces
 16677 | D:12     | Bought a scroll of immolation for 35 gold pieces
 16677 | D:12     | Bought a scroll of blinking for 75 gold pieces
 16696 | D:12     | Found an iron altar of Okawaru.
 16696 | D:12     | Noticed a two-headed ogre
 16704 | D:12     | Killed a two-headed ogre
 16944 | D:12     | Noticed Snorg
 16954 | D:12     | Killed Snorg
 17263 | D:12     | Noticed Josephine
 17269 | D:12     | Killed Josephine
 17814 | D:12     | Found a staircase to the Orcish Mines.
 17917 | D:13     | Noticed a two-headed ogre
 17930 | D:12     | Killed a two-headed ogre
 17930 | D:12     | Reached skill level 11 in Earth Magic
 17930 | D:12     | Reached XP level 13. HP: 40/78 MP: 8/25
 18483 | D:13     | Noticed Rupert
 18547 | D:13     | Killed Rupert
 18547 | D:13     | Offered knowledge of Fulminant Prism by Vehumet.
 19154 | D:13     | Learned a level 5 spell: Bolt of Magma
 19164 | D:13     | Reached skill level 1 in Fire Magic
 19456 | D:13     | Noticed Azrael
 19474 | D:13     | Reached skill level 10 in Conjurations
 19638 | D:13     | Killed Azrael
 20381 | D:14     | Noticed an ironheart preserver
 20392 | D:14     | Killed an ironheart preserver
 20750 | D:14     | Found a gate to the Vaults.
 20846 | D:14     | Gained mutation: You are robust. (+10% HP) [potion of
                  | mutation]
 20846 | D:14     | Gained mutation: You are partially covered in icy blue
                  | scales. (AC +2) [potion of mutation]
 20846 | D:14     | Gained mutation: You are agile. (Dex +2) [potion of
                  | mutation]
 20910 | D:14     | Found a glowing golden altar of the Shining One.
 21119 | D:14     | Gained mutation: Your large and strong wings let you fly
                  | indefinitely. [Gargoyle growth]
 21119 | D:14     | Reached XP level 14. HP: 94/94 MP: 19/27
 21499 | D:14     | Reached skill level 12 in Earth Magic
 21506 | D:14     | Got an opalescent robe
 21517 | D:14     | Identified the cursed +0 robe "Bipaigy" {rPois rCorr Str+8
                  | Dex-5} (You found it on level 14 of the Dungeon)
 21756 | Lair:1   | Entered Level 1 of the Lair of Beasts
 22246 | Lair:1   | Reached skill level 5 in Fire Magic
 22524 | Lair:1   | Offered knowledge of Fireball by Vehumet.
 22531 | Lair:1   | Learned a level 5 spell: Fireball
 24040 | Lair:2   | Found a staircase to the Shoals.
 25125 | Lair:3   | Got a crystal whip
 25126 | Lair:3   | Identified the +3 whip "Akhlis" {venom, Stlth+} (You found
                  | it on level 3 of the Lair of Beasts)
 25992 | Lair:4   | Found a hide-covered altar of Uskayaw.
 26492 | Lair:4   | Noticed Kirke
 26511 | Lair:4   | Noticed a sphinx
 26519 | Lair:4   | Killed Kirke
 26519 | Lair:4   | Killed themself with a badly aimed burst of rock shards

Illustrated notes

Levels and vault maps discovered:
D:1:      psy_arrival_dodecagon, layout_basic
D:2:      layout_basic
D:3:      layout_rooms, gammafunk_temple_overflow_forgotten,
          portal_sewer_entry_a, uniq_robin
D:4:      layout_basic, lemuel_round_altar, minmay_vboxes
D:5:      layout_rooms, minmay_temple_entry_stoned_glass,
          minmay_manual_mandibuliform
D:6:      layout_cave_pods, grunt_qazlal_sundering, biasface_ghost_orc_armoury,
          basic_altar, nemelex_lonely_heart_becter
D:7:      layout_cave_pods, basic_altar, enter_ossuary_4, uniq_harold,
          uniq_duvessa
D:8:      layout_basic, grunt_dithmenos_smoke, bloody_trog,
          kennysheep_mini_moat, serial_shops, shop, uniq_grum, uniq_psyche
D:9:      layout_roguey [special_room_bee], minmay_ruined_shrine
D:10:     layout_cave_pools, enter_bailey_8, serial_gnoll_camp, grums_kennel,
          gnoll_camp_mini_basic, gnoll_camp_medium_01, gnoll_camp_mini_doghouse,
          gnoll_camp_mini_loothouse, library_closet, nooodl_orcs_dogs
D:11:     layout_basic, lair_entry_dummy, hangedman_abyss_or_decor_stagger,
          grunt_decor_arrowhead, serial_bayou_pond_d
D:12:     layout_loops_ring, erik_orc_2, basic_altar, serial_shops, shop,
          shop_fountains, uniq_snorg, uniq_josephine, uniq_sonja
D:13:     minmay_blocky_corners, layout_cave_pods, uniq_rupert, uniq_azrael
D:14:     kennysheep_ambush_hall, layout_loops_ring,
          skrybe_vaults_entry_preservation, tso_metal_star
Temple:   dpeg_chambers_temple
Lair:1:   layout_regular_city, serial_rivers, chequers_serial_rivers_micro_e,
          chequers_serial_rivers_large_b, chequers_serial_rivers_micro_b,
          chequers_serial_rivers_micro_c, chequers_serial_rivers_room_b,
          minmay_lair_oklob_chamber
Lair:2:   layout_long_grid, elwin_shoals_entry_rooms
Lair:3:   layout_cave_pods
Lair:4:   layout_regular_city, minmay_snake_entry_guardpost_small, basic_altar,
          infiniplex_staircase_pool_2, lemuel_fruit_fields, uniq_kirke

Skill      XL: |  1  2  3  4  5  6  7  8  9 10 11 12 13 14 |
---------------+-------------------------------------------+-----
Earth Magic    | 4 5 6 7 8 9 10 11 12 | 12.4
Conjurations   | 1 2 3 4 5 6 7 8 9 10 | 10.9
Spellcasting   | 3 4 5 6 7 8 9 |  9.7
Fighting       | 2 4 5 6 8 9 |  9.9
Maces & Flails | 2 4 6 7 8 |  8.9
Armour         | 2 4 5 6 |  6.0
Dodging        | 2 3 4 5 6 7 |  7.6
Evocations     | 2 3 5 6 |  6.0
Fire Magic     | 4 6 |  6.4
Stealth        | |  2.1
Transmutations | |  0.7

Action                   |  1- 3 |  4- 6 |  7- 9 | 10-12 | 13-15 || total
-------------------------+-------+-------+-------+-------+-------++-------
Melee: Whip              |   137 |   181 |       |       |   112 ||   430
       Dagger            |       |    18 |   544 |   559 |   324 ||  1445
       Unarmed           |       |       |    11 |       |    10 ||    21
 Cast: Sandblast         |    14 |    16 |    36 |    57 |     8 ||   131
       Stone Arrow       |       |    13 |    22 |    91 |     8 ||   134
       Lee's Rapid Decon |       |     2 |     6 |    56 |    58 ||   122
       Iron Shot         |       |       |       |     1 |    52 ||    53
       Bolt of Magma     |       |       |       |       |    12 ||    12
       Fireball          |       |       |       |       |     6 ||     6
 Abil: Fly               |       |       |       |       |     1 ||     1
Evoke: Wand              |       |       |     6 |    19 |       ||    25
       Lightning rod     |       |       |       |     7 |     9 ||    16
  Use: Scroll            |     6 |     1 |    12 |    12 |     4 ||    35
       Potion            |       |     1 |     2 |     1 |     6 ||    10
 Stab: Sleeping          |     4 |       |     3 |     1 |     4 ||    12
       Distracted        |       |       |       |     1 |       ||     1
Armor: Robe              |    49 |   103 |   195 |   283 |   195 ||   825
Dodge: Dodged            |    92 |   233 |   370 |   615 |   375 ||  1685

Table legend: (Time is in decaauts)
 A = Elapsed time spent in this place.
 B = Non-inter-level travel time spent in this place.
 C = Inter-level travel time spent in this place.
 D = Time resting spent in this place.
 E = Time spent auto-exploring this place.
 F = Levels seen in this place.
 G = Mean time per level.
                   A        B        C        D        E       F      G
               +--------+--------+--------+--------+--------+-----+--------+
         Total |  26570 |  25831 |    739 |   6189 |  14195 |  22 | 1207.7 |
       Dungeon |  19463 |  18812 |    651 |   4688 |   9912 |  14 | 1390.2 |
        Temple |    182 |    155 |     27 |      0 |    147 |   1 |  182.0 |
          Lair |   4726 |   4666 |     60 |    447 |   3650 |   4 | 1181.5 |
         Sewer |   1055 |   1055 |      0 |    473 |    258 |   1 | 1055.0 |
       Ossuary |    374 |    374 |      0 |      0 |    215 |   1 |  374.0 |
        Bailey |    768 |    768 |      0 |    580 |     13 |   1 |  768.0 |
               +--------+--------+--------+--------+--------+-----+--------+

Top non-repeatable levels by time:
    D:12: 2401 daAuts
    D:13: 1984 daAuts
     D:7: 1969 daAuts
  Lair:1: 1655 daAuts
    D:14: 1615 daAuts
    D:10: 1600 daAuts
     D:6: 1429 daAuts
     D:1: 1310 daAuts
     D:4: 1292 daAuts
     D:9: 1289 daAuts
  Lair:2: 1216 daAuts
     D:8: 1174 daAuts
  Lair:3: 1127 daAuts
   Sewer: 1055 daAuts
     D:5: 997 daAuts
